Map: 闖入禁地 - 天梯版

Players

알훌 - Winner!

  • Race: Zerg Zerg
  • League: Diamond
  • Spawn Location: 11:00

飛蛙

  • Race: Terran Terran
  • League: Diamond
  • Spawn Location: 5:00

VOD

Have the link to the VOD?

Description

Time

  • Played on: Nov. 12, 2017, 5:59 a.m.
  • Length: 17:05
Show
View Real Time Build Order
Export as new Build Order

알훌 Zerg - Winner!

Build Orders: Hatch First 

Get SALT Encoding   

  12  0:00  Drone  
  13  0:12  Overlord  
  13  0:16  Drone  
  14  0:30  Drone x2  
  14  0:34  Drone  
  17  0:52  Hatchery  
  17  0:54  Drone  
  17  0:58  Drone  
  18  1:08  Extractor  
  17  1:14  Spawning Pool  
  17  1:17  Drone  
  17  1:21  Drone  
  18  1:28  Drone  
  19  1:42  Overlord  
  19  1:54  Drone  
  19  2:01  Queen  
  20  2:02  Zergling x2  
  20  2:03  Queen  
  20  2:04  Zergling x2  
  26  2:10  Metabolic Boost  
  26  2:13  Drone  
  27  2:19  Drone  
  28  2:25  Drone x2  
  30  2:38  Drone x2  
  32  2:56  Queen  
  32  2:57  Hatchery  
  32  2:58  Drone  
  32  3:00  Overlord  
  32  3:05  Pneumatized Carapace  
  33  3:08  Drone  
  34  3:13  Drone  
  34  3:18  Overlord  
  35  3:20  Drone x2  
  35  3:27  Drone x3  
  40  3:34  Overlord  
  40  3:35  Drone x2  
  42  3:41  Extractor  
  42  3:46  Evolution Chamber x2  
  39  3:50  Zergling x6  
  39  3:51  Drone  
  39  3:53  Drone  
  39  3:54  Drone  
  45  4:02  Queen  
  47  4:18  Zergling x4  
  47  4:19  Drone x2, Zergling x2  
  47  4:20  Drone x2  
  54  4:40  Zerg Melee Weapons Level 1, Zerg Ground Armor Level 1  
  54  4:45  Drone  
  54  4:46  Extractor, Drone x4  
  54  4:47  Drone x2  
  54  4:48  Zergling x4, Drone  
  54  4:49  Zergling x2  
  60  5:21  Drone x2  
  60  5:22  Drone x3  
  60  5:23  Overlord x4  
  65  5:32  Lair  
  65  5:52  Drone  
  65  5:53  Drone x8  
  65  5:54  Zergling x4  
  66  6:24  Baneling Nest  
  65  6:38  Zergling x14  
  65  6:39  Drone x7  
  80  6:40  Drone  
  80  6:43  Hatchery  
  80  6:44  Extractor  
  78  6:55  Extractor x2  
  78  6:59  Hydralisk Den  
  75  7:02  Drone x5  
  80  7:21  Hatchery  
  79  7:23  Overseer  
  79  7:27  Baneling  
  79  7:28  Baneling x12, Centrifical Hooks  
  79  7:30  Zergling x2  
  79  7:31  Zergling x16  
  79  7:32  Muscular Augments  
  79  7:34  Drone x2  
  90  7:48  Zergling x10  
  90  7:49  Overlord x3, Drone x2  
  92  8:07  Baneling x2  
  92  8:08  Baneling x5  
  79  8:21  Overseer  
  79  8:30  Queen  
  79  8:31  Queen x2  
  84  8:34  Queen  
  84  8:36  Drone  
  84  8:40  Drone x7  
  92  8:42  Zergling x2  
  92  8:44  Zergling x4  
  92  8:45  Zergling x4  
  92  8:46  Hydralisk x9, Zergling x2  
  116  9:01  Zerg Melee Weapons Level 2  
  116  9:02  Zerg Ground Armor Level 2  
  116  9:07  Infestation Pit  
  115  9:20  Hydralisk x8  
  115  9:21  Hydralisk  
  115  9:22  Overlord x5  
  133  9:26  Overseer  
  133  9:27  Overseer  
  133  9:48  Baneling  
  133  9:49  Baneling x10  
  127  10:05  Hatchery  
  126  10:11  Hydralisk  
  126  10:12  Hydralisk x10  
  126  10:13  Zergling x2  
  149  10:14  Zergling x16  
  149  10:18  Hatchery  
  132  11:06  Zergling x26  
  132  11:07  Zergling x10  
  132  11:10  Overlord, Zergling x8  
  154  11:14  Hive  
  150  11:27  Baneling x12  
  134  11:48  Zergling x2  
  134  11:49  Zergling x22  
  136  12:07  Zergling x12  
  142  12:13  Hydralisk x7  
  142  12:17  Overlord x7  
  138  12:35  Zerg Melee Weapons Level 3  
  138  12:36  Zerg Ground Armor Level 3  
  138  12:42  Drone x4  
  138  12:43  Drone x9  
  151  12:44  Drone x3  
  151  12:47  Extractor  
  151  12:48  Extractor  
  151  12:49  Hatchery, Ultralisk Cavern  
  150  13:04  Baneling  
  150  13:05  Baneling x7  
  150  13:13  Hatchery  
  135  13:44  Extractor  
  134  13:49  Drone x10  
  134  13:50  Drone  
  134  13:52  Adrenal Glands, Chitinous Plating  
  134  13:54  Ultralisk  
  134  13:55  Ultralisk x3  
  169  13:57  Viper x3  
  169  13:58  Viper  
  181  14:15  Extractor, Hydralisk  
  181  14:16  Hydralisk x6  
  194  14:18  Extractor  
  174  14:55  Hatchery  
  173  15:23  Hydralisk x8  
  173  15:24  Hydralisk x3  
  173  15:25  Hydralisk x2  
  183  16:23  Zergling x2  
  183  16:24  Zergling x30  
Show
View Real Time Build Order
Export as new Build Order

飛蛙 Terran 

Build Orders: Hellion Opening, Reaper Expand, MMM Bio 

Get SALT Encoding   

  12  0:00  SCV  
  13  0:13  SCV  
  14  0:17  Supply Depot  
  14  0:25  SCV  
  15  0:29  Refinery  
  15  0:39  SCV  
  16  0:45  Barracks  
  16  0:51  SCV  
  17  1:03  SCV  
  18  1:15  SCV  
  19  1:32  Reaper  
  20  1:33  Orbital Command  
  20  1:49  Command Center  
  20  2:05  SCV  
  21  2:10  Barracks Reactor  
  21  2:11  Factory  
  21  2:15  Refinery  
  21  2:21  SCV  
  22  2:29  Supply Depot  
  22  2:35  SCV  
  23  2:51  SCV  
  24  2:56  Starport  
  23  3:03  Barracks Tech Lab, SCV  
  23  3:04  Orbital Command  
  24  3:09  Hellion  
  24  3:12  Hellion  
  28  3:20  SCV  
  29  3:30  Hellion  
  29  3:32  SCV  
  29  3:33  SCV  
  29  3:34  Hellion  
  35  3:44  SCV, Supply Depot  
  35  3:45  SCV  
  35  3:47  Raven  
  41  3:56  Barracks Tech Lab  
  41  3:58  Hellion x2  
  41  4:01  SCV  
  41  4:02  SCV  
  45  4:13  SCV, Supply Depot  
  45  4:14  SCV  
  45  4:16  Stimpack  
  47  4:25  SCV  
  47  4:26  Barracks  
  48  4:33  Raven, Supply Depot  
  50  4:39  SCV x2  
  52  4:46  Marine  
  52  4:47  Factory Reactor  
  52  4:51  SCV  
  52  4:52  SCV  
  55  5:03  SCV  
  55  5:04  SCV  
  57  5:11  Marine  
  58  5:16  SCV x2  
  58  5:18  Command Center  
  60  5:28  SCV x2  
  62  5:29  Refinery  
  62  5:30  Refinery  
  62  5:31  Engineering Bay x2  
  62  5:35  Barracks, Marine  
  62  5:37  Barracks, Marine  
  62  5:39  Marine  
  62  5:40  SCV  
  62  5:41  Widow Mine  
  68  5:50  Widow Mine  
  70  6:02  Starport Reactor  
  70  6:09  Marine x2  
  70  6:10  Widow Mine  
  70  6:12  Marine  
  69  6:19  Combat Shields  
  69  6:28  Barracks Reactor, Marine  
  69  6:29  Barracks Reactor, Marine  
  69  6:30  Marine  
  69  6:31  Terran Infantry Armor Level 1, Terran Infantry Weapons Level 1  
  72  6:34  Armory  
  72  6:37  Orbital Command  
  72  6:38  SCV x2  
  72  6:39  Barracks  
  74  6:40  Barracks  
  74  6:43  Widow Mine x2  
  74  6:45  Marine  
  74  6:46  Medivac x2  
  83  6:47  Marine  
  84  7:00  Marine  
  85  7:03  Orbital Command  
  85  7:10  Supply Depot  
  85  7:11  Supply Depot  
  85  7:13  Supply Depot  
  85  7:29  Barracks Reactor  
  85  7:30  Barracks Reactor  
  85  7:31  Widow Mine x2  
  85  7:32  Medivac x2  
  85  7:33  Marine x7  
  85  7:34  Supply Depot  
  100  7:37  Supply Depot  
  100  7:50  Marine x2  
  100  7:51  Marine x2  
  98  8:00  Widow Mine x2  
  98  8:02  Medivac x2  
  106  8:18  Marine  
  106  8:19  Marine x10  
  110  8:21  SCV  
  111  8:27  SCV x2  
  111  8:33  SCV  
  110  8:36  Marine x4  
  110  8:39  SCV  
  109  8:42  Marine  
  109  8:43  Widow Mine, Marine x6  
  116  8:51  SCV x3  
  116  8:54  Marine x2  
  121  8:56  Terran Infantry Armor Level 2  
  121  9:01  Marine x3  
  121  9:02  Marine  
  125  9:11  Supply Depot  
  125  9:13  Supply Depot  
  125  9:15  Supply Depot  
  125  9:32  Widow Mine, SCV x3, Marine  
  131  9:40  Marine x10  
  131  9:43  Refinery  
  131  9:44  SCV x3  
  144  9:45  Refinery  
  144  9:53  Marine  
  144  9:57  SCV  
  144  9:58  Marine x4  
  134  10:01  Liberator x2  
  131  10:18  Starport  
  131  10:20  Starport  
  131  10:21  Terran Infantry Weapons Level 2, Terran Ship Weapons Level 1  
  137  10:30  Command Center  
  137  10:32  Marine x11  
  148  10:50  Marine  
  148  10:51  Liberator x2  
  149  10:59  Marine x4  
  149  11:00  Siege Tank  
  131  11:04  Marine  
  131  11:05  Marine x5  
  131  11:07  Marine  
  143  11:16  Marine  
  143  11:17  Marine x2  
  142  11:29  Marine x7  
  137  11:51  Marine  
  137  11:52  Marine x3  
  137  11:54  Marine x2  
  125  11:55  Marine x4  
  125  11:56  Marine  
  125  11:57  Siege Tank  
  119  12:07  Liberator, SCV  
  116  12:09  SCV x2, Marine x2  
  116  12:10  Marine x2  
  116  12:12  Marine x3  
  116  12:13  Marine x3  
  116  12:14  Marine  
  120  12:17  Starport Tech Lab  
  120  12:19  SCV  
  120  12:20  Fusion Core  
  120  12:21  SCV x2  
  119  12:26  Marine  
  119  12:27  Marine  
  119  12:28  Marine x2  
  119  12:29  Siege Tank, Marine x2  
  129  12:30  Marine  
  129  12:31  Marine x3  
  129  12:33  Marine  
  129  12:35  Terran Infantry Armor Level 3  
  136  12:49  Marine x4  
  140  13:06  Supply Depot  
  140  13:08  Supply Depot  
  140  13:13  Liberator x2  
  140  13:16  Advanced Ballistics  
  140  13:28  Marine x8  
  140  13:30  Marine x2  
  140  13:33  Marine  
  156  14:04  Supply Depot x2  
  156  14:05  Supply Depot  
  156  14:07  Supply Depot  
  156  14:08  Liberator x3  
  156  14:10  Planetary Fortress  
  156  14:25  Medivac, Marine x5  
  156  14:26  Marine x6  
  156  14:27  SCV  
  179  14:32  Liberator  
  176  14:43  Marine x5  
  176  14:44  Marine x6  
  174  14:51  Siege Tank  
  174  14:57  Liberator, Sensor Tower  
  174  15:01  Marine x5  
  174  15:02  Marine x3  
  174  15:03  Marine x3  
  188  15:33  Liberator  
  188  15:36  Liberator  
  188  15:45  Marine x3  
  188  15:52  Siege Tank  
  188  15:54  Marine x3  
  188  16:00  Marine  
  188  16:02  Marine x3  
  188  16:40  Marine  
  188  16:41  Marine x10  
Tags
 
Add a new tag
Caveats
  • Supply blocks, unpowered buildings, or Contaminate may cause inaccurate times.
  • Supply counts are checked every 10 seconds.